 Dungeon Crawl Stone Soup version 0.28-a0-1184-g53156a8862 (webtiles) character file.

Game seed: 7888232621602390267

65 rogsnak the Gusty (level 3, -4/24 HPs)
             Began as a Demonspawn Air Elementalist on Dec 18, 2021.
             Killed by divine providence
             ... invoked by an orc priest
              (10 damage)
             ... on level 3 of the Dungeon.
             The game lasted 00:04:56 (2790 turns).

rogsnak the Gusty (Demonspawn Air Elementalist)     Turns: 2790, Time: 00:04:57

Health: -4/24      AC:  3    Str:  8    XL:     3   Next: 94%
Magic:  4/6        EV: 12    Int: 18    God:
Gold:   102        SH:  0    Dex: 13    Spells: 5/6 levels left

rFire   . . .      SeeInvis .   n - +0 hand axe
rCold   . . .      Faith    +   (no shield)
rNeg    . . .      Spirit   .   a - +0 robe
rPois   .          Reflect  .   (helmet restricted)
rElec   .          Harm     .   (no cloak)
rCorr   +          Rampage  .   (no gloves)
Will    .....                   f - +0 pair of boots
Stlth   ++........              h - amulet of faith
HPRegen 0.08/turn               q - ring of resist corrosion
MPRegen 0.10/turn               (no ring)

@: no status effects
A: horns 1, demonic guardian 1
a: no special abilities


You were on level 3 of the Dungeon.
You visited 1 branch of the dungeon, and saw 3 of its levels.

You collected 102 gold pieces.

Inventory:

Hand Weapons
 b - a +0 dagger
 n - a +0 hand axe (weapon)
 t - a +2 vorpal hand axe
Missiles
 d - 8 atropa-tipped darts
 p - 6 silver javelins
Armour
 a - a +0 robe (worn)
 f - a +0 pair of boots (worn)
Jewellery
 h - an amulet of faith (around neck)
 q - a ring of resist corrosion (left hand)
Scrolls
 c - a scroll of torment {unknown}
 e - a scroll of identify {unknown}
 i - a scroll of noise {unknown}
 m - a scroll of enchant armour {unknown}
 o - a scroll of vulnerability {unknown}
 r - a scroll of silence {unknown}
 s - a scroll of magic mapping {unknown}
Potions
 g - a potion of mutation {unknown}
 j - a potion of curing {unknown}
 k - a potion of might {unknown}
 l - 2 potions of flight {unknown}


   Skills:
 + Level 0.3 Fighting
 + Level 2.2 Dodging
 - Level 1.8 Stealth
 + Level 2.2 Spellcasting
 * Level 2.3 Conjurations
 + Level 3.3 Air Magic


You had 5 spell levels left.
You knew the following spells:

 Your Spells              Type           Power      Damage    Failure   Level
a - Shock                 Conj/Air       48%        1d6       5%          1

Your spell library contained the following spells:

 Spells                   Type           Power      Damage    Failure   Level
 Static Discharge         Conj/Air       12%        N/A       9%          2
 Swiftness                Air            13%        N/A       14%         3
 Mephitic Cloud           Conj/Pois/Air  8%         N/A       24%         3
 Airstrike                Air            6%         N/A       41%         4
 Ignite Poison            Fire/Tmut/Pois 2%         N/A       47%         3
 Freezing Cloud           Conj/Ice/Air   4%         6-21      92%         5


Dungeon Overview and Level Annotations

Branches:
Dungeon (3/15)

Altars:
Uskayaw


Innate Abilities, Weirdness & Mutations

You have a pair of small horns on your head.
A weak demonic guardian rushes to your aid.


Message History

Casting: Shock (safe; 5% risk of failure)
Confirm with . or Enter, or press ? or * to list all spells.
You don't know that spell.
You see here a giant cockroach corpse.
You start resting.
An orc is nearby!
Casting: Shock (safe; 5% risk of failure)
Confirm with . or Enter, or press ? or * to list all spells.
Aiming: Shock (safe; 5% risk of failure)
Press: ? - help, Shift-Dir - straight line, f/p - orc
Aim: an orc, wielding a +2 vorpal hand axe, wearing a +0 ring mail, wearing a +0 kite shield and quivering stones (77% to hit)
The zap misses the orc.
The orc throws a stone.
The stone misses you.
Unknown command.
Casting: Shock (safe; 5% risk of failure)
Confirm with . or Enter, or press ? or * to list all spells.
Aiming: Shock (safe; 5% risk of failure)
Press: ? - help, Shift-Dir - straight line, p - orc The zap hits the orc.
The orc is severely wounded.
The zap hits the orc.
You kill the orc!
Unknown command.
Casting: Shock (safe; 5% risk of failure)
Confirm with . or Enter, or press ? or * to list all spells.
You can't see any susceptible monsters within range! (Use Z to cast anyway.) Unknown command. 2 orcs come into view.
An orc priest comes into view.
It is wielding a +0 short sword and wearing a +0 scale mail of willpower.
The orc moves out of view.
An orc priest comes into view. It is wielding a +0 war axe.
The orc priest shouts!
The orc shouts!
Items here: ( ) [[ ††.
t - a +2 vorpal hand axe The orc hits you from afar with a +0 halberd!
The orc priest calls down the wrath of Beogh upon you.
Pain shoots through your body!
* * * LOW HITPOINT WARNING * * *
The orc priest mumbles some strange prayers to Beogh against you.
Beogh smites you!
You die...

.......................#######.
########............>..#######.
#...#..................##.
#............#.........##.
##............#...8888..##.
##.............#......8..##.
#....##........#...._.8..##.
#...###........#......8.....
##...###oo..@...#............
#.......o#####...........#.##
#......o.# #.##..........#
#......o.# ##.#############
#........####..#
##.............##
##........÷###..# ...........#
#### #............#


You could see 2 orc priests and an orc.

Vanquished Creatures
  An adder (D:3)
  A worm (D:3)
  2 dart slugs
  An orc (D:3)
  4 ball pythons
  2 bats
  5 endoplasms
  3 giant cockroaches
  5 hobgoblins
  5 kobolds
  4 quokkas
  A frilled lizard (D:1)
  7 rats
41 creatures vanquished.

Vanquished Creatures (collateral kills)
  A worm (D:2)
1 creature vanquished.

Grand Total: 42 creatures vanquished

Notes
Turn   | Place    | Note
-------+----------+-------------------------------------------
     0 | D:1      | rogsnak the Demonspawn Air Elementalist began the quest for
                  | the Orb.
     0 | D:1      | Reached XP level 1. HP: 13/13 MP: 3/3
   638 | D:1      | Gained mutation: A weak demonic guardian rushes to your
                  | aid. [demonic ancestry]
   638 | D:1      | Reached XP level 2. HP: 19/19 MP: 1/5
   696 | D:1      | Found a faded altar of an unknown god.
   737 | D:1      | Reached skill level 3 in Air Magic
  1794 | D:2      | Gained mutation: You have a pair of small horns on your
                  | head. [demonic ancestry]
  1794 | D:2      | Reached XP level 3. HP: 24/24 MP: 3/6
  2730 | D:3      | Found a hide-covered altar of Uskayaw.
  2790 | D:3      | Killed from afar by an orc priest

Illustrated notes

Levels and vault maps discovered:
D:1:      ebering_trefoil_3fold, layout_rooms,
          hellmonk_ecumenical_altar_lost_god
D:2:      layout_rooms, nrook_mini_backslash
D:3:      minmay_bubble_buster, layout_rooms, mainiacjoe_overflow_chevrons

Skill      XL: |  1  2  3 |
---------------+----------+-----
Dodging        | 2 |  2.2
Air Magic      | 3 |  3.3
Conjurations   | 2 |  2.3
Fighting       | |  0.3
Stealth        | |  1.8
Spellcasting   | |  2.2

Action                   || total
-------------------------++-------
Melee: Dagger            ||    27
       Unarmed           ||    11
       Hand axe          ||    11
 Cast: Shock             ||    95
Armor: Robe              ||    16
Dodge: Dodged            ||    45

Table legend: (Time is in decaauts)
 A = Elapsed time spent in this place.
 B = Non-inter-level travel time spent in this place.
 C = Inter-level travel time spent in this place.
 D = Time resting spent in this place.
 E = Time spent auto-exploring this place.
 F = Levels seen in this place.
 G = Mean time per level.
                   A        B        C        D        E       F      G
               +--------+--------+--------+--------+--------+-----+--------+
         Total |   2792 |   2784 |      8 |    526 |   1817 |   3 |  930.7 |
       Dungeon |   2792 |   2784 |      8 |    526 |   1817 |   3 |  930.7 |
               +--------+--------+--------+--------+--------+-----+--------+

Top non-repeatable levels by time:
     D:1: 1421 daAuts
     D:2: 864 daAuts
     D:3: 506 daAuts
